Sabres vs Senators

Created - 22 novembre 2020 at 20:15

Goals
1 2 3 T
Sabres 3 1 0 4
Senators 1 0 2 3
Shots
1 2 3 T
Sabres 10 7 12 29
Senators 6 9 7 22

1st period

1. Sabres , Leon Draisaitl 6 (Kris Letang 9, Ryan Nugent-Hopkins 7) at 0:13
2. Sabres , Leon Draisaitl 7 (Ryan Nugent-Hopkins 8) at 3:06
3. Senators , Alexander Wennberg 2 (Connor Brown 6, Jani Hakanpaa 2) at 16:06
4. Sabres , Luke Glendening 2 (Adam Pelech 3, Jonathan Drouin 2) at 18:48

Penalties :
Elias Lindholm (BUF) for Unsportsmanlike conduct (Minor) at 7:34, Tyler Seguin (BUF) for Holding (Minor) at 9:58, Andy Greene (OTT) for High sticking (Minor) at 16:31

2nd period

5. Sabres , Luke Glendening 3 (Lars Eller 2, Rasmus Ristolainen 8) at 8:53

Penalties :
No Penalty

3rd period

6. Senators , Connor Brown 5 (Vladimir Tarasenko 5, Alexander Wennberg 3) at 7:36
7. Senators , Mark Stone 5 (Eric Staal 6, Jakob Chychrun 4) at 12:41

Penalties :
Mark Stone (OTT) for Fighting (Major) at 0:11, Ryan Nugent-Hopkins (BUF) for Fighting (Major) at 0:11, Robert Hagg (OTT) for Hooking (Minor) at 0:17

Goalie Stats

Matt Murray (BUF), 19 saves from 22 shots - (0,864), W, 7-3-1, 60:00 minutes
Marcus Hogberg (OTT), 16 saves from 16 shots - (1,000), 30:08 minutes
Petr Mrazek (OTT), 9 saves from 13 shots - (0,692), L, 0-6-0, 28:53 minutes

Players Stats for Sabres

Player Name              G  A  P  +/- PIM S  H  SB GA TA FO     MP     PP MP  PK MP  
------------------------------------------------------------------------------------
Adam Pelech              0  1  1   1  0   0  2  0  0  0  0/0    16:13   0:00   0:34 
Dmitry Orlov             0  0  0   1  0   1  1  3  0  0  0/0    13:58   0:00   1:41 
Elias Lindholm           0  0  0  -1  2   5  3  0  0  0  0/3    18:38   1:15   0:40 
Erik Gustafsson          0  0  0   0  0   2  3  0  0  0  0/0    24:57   2:11   1:41 
Jimmy Vesey              0  0  0  -1  0   0  1  0  0  0  0/0     8:06   0:00   0:00 
Jonathan Drouin          0  1  1   2  0   0  1  0  0  0  0/2    12:36   0:26   0:00 
Kevin Fiala              0  0  0   1  0   1  3  0  0  0  0/1    19:06   2:43   0:00 
Kris Letang              0  1  1   0  0   1  4  3  0  0  0/0    24:40   2:11   2:01 
Lars Eller               0  1  1   2  0   1  2  0  0  0  10/12  13:58   0:00   1:48 
Leon Draisaitl           2  0  2   1  0   5  0  0  0  0  13/30  19:46   2:43   0:40 
Luke Glendening          2  0  2   2  0   2  4  1  0  0  2/2    13:58   0:00   1:48 
Michael Grabner          0  0  0  -1  0   0  0  0  0  0  0/1     8:06   0:00   0:00 
Nic Dowd                 0  0  0  -1  0   1  1  0  0  0  2/7     9:36   0:00   1:30 
Nikolaj Ehlers           0  0  0  -1  0   3  0  0  0  0  0/1    17:48   2:23   0:00 
Rasmus Dahlin            0  0  0   0  0   3  0  2  0  0  0/0    18:47   1:47   0:00 
Rasmus Ristolainen       0  1  1   0  0   2  1  1  0  0  0/0    21:25   1:47   1:59 
Ryan Nugent-Hopkins      0  2  2   1  5   1  1  0  0  0  0/0    17:42   1:09   1:30 
Tyler Seguin             0  0  0  -1  2   1  1  0  0  0  10/19  16:39   1:15   0:00 

Players Stats for Senators

Player Name              G  A  P  +/- PIM S  H  SB GA TA FO     MP     PP MP  PK MP  
------------------------------------------------------------------------------------
Alex Galchenyuk          0  0  0   0  0   1  0  0  0  0  1/2    12:27   0:00   0:00 
Alex Goligoski           0  0  0  -2  0   0  0  3  0  0  0/0    23:02   0:00   2:25 
Alexander Wennberg       1  1  2   1  0   3  0  0  0  0  11/17  17:44   1:57   0:00 
Andy Greene              0  0  0   0  2   0  2  2  0  0  0/0    18:52   2:19   0:31 
Chris Wagner             0  0  0   0  0   0  0  0  0  0  11/25  15:28   0:00   3:01 
Connor Brown             1  1  2   1  0   2  0  0  0  0  1/2    17:44   1:57   0:00 
Derek Ryan               0  0  0  -1  0   0  0  0  0  0  0/0     8:58   0:00   3:01 
Eric Staal               0  1  1  -1  0   3  0  0  0  0  12/21  19:54   2:01   0:00 
Jakob Chychrun           0  1  1  -2  0   1  1  2  0  0  0/0    23:02   0:00   2:25 
James Neal               0  0  0  -1  0   2  0  0  0  0  1/1    19:32   1:39   0:00 
Jani Hakanpaa            0  1  1   1  0   2  2  1  0  0  0/0    18:05   1:39   1:02 
Mark Stone               1  0  1  -1  5   2  1  1  0  0  0/1    18:47   2:01   0:00 
Mike Green               0  0  0   0  0   1  1  0  0  0  0/0    19:55   2:19   1:33 
Paul Byron               0  0  0  -1  0   1  1  0  0  0  0/0     6:54   0:00   0:57 
Robert Hagg              0  0  0   1  2   1  1  1  0  0  0/0    17:02   1:39   0:00 
Valtteri Filppula        0  0  0  -1  0   0  0  0  0  0  4/9     6:54   0:00   0:57 
Vladimir Tarasenko       0  1  1   1  0   1  0  0  0  0  0/0    17:44   1:57   0:00 
Vladislav Namestnikov    0  0  0   0  0   2  2  0  0  0  0/0    13:55   0:22   0:00 

3 Stars

1 - Luke Glendening (BUF)
2 - Leon Draisaitl (BUF)
3 - Connor Brown (OTT)

Power Play

Sabres - 0 on 2 Attempt(s) - 0,00%
Senators - 0 on 2 Attempt(s) - 0,00%

Penalty Kill

Sabres - 2 on 2 Attempt(s) - 100,00% - Score 0 goal in Penalty Kill
Senators - 2 on 2 Attempt(s) - 100,00% - Score 0 goal in Penalty Kill

Team Stat

Sabres - Hits : 28 - Faceoff Wins : 37 - Blocked Shots : 10 - Penalty Minutes : 9
Senators - Hits : 11 - Faceoff Wins : 41 - Blocked Shots : 10 - Penalty Minutes : 9

Official

Referees : Sean MacFarlane and Mike Duco
Linesman : Trent Knorr and Libor Suchanek

Game Notes

Marcus Hogberg enters game at 8:53 of 2nd period
Mark Stone beats up Ryan Nugent-Hopkins at 0:11 of 3rd period
Dmitry Orlov is injured at 10:38 of 3rd period (Left Hip)

Finance

Level 1 -- Attendance: 6500 (100,00%) -- Ticket Income 650 000 $
Level 2 -- Attendance: 5000 (100,00%) -- Ticket Income 300 000 $
Level 3 -- Attendance: 3500 (100,00%) -- Ticket Income 122 500 $
Level 4 -- Attendance: 3153 (100,00%) -- Ticket Income 94 590 $
Luxury Box -- Attendance: 763 (76,30%) -- Ticket Income 190 750 $
Game was played at the Canadian Tire Centre.
Total Attendance: 18916 (98,76%)
Total Ticket Income: 1 357 840 $
Other Income: 665 342 $
Total Income: 2 023 182 $

% Time on Ice - Sabres

Lines # - Real PCT - Wanted PCT - Time Play
Normal Forward
1 - 31% - 38% - 16:23
2 - 30% - 37% - 15:25
3 - 23% - 20% - 12:10
4 - 16% - 5% - 8:06
Normal Defense
1 - 37% - 40% - 19:23
2 - 31% - 35% - 16:22
3 - 29% - 20% - 15:14
4 - 2% - 5% - 1:05
PP Forward
1 - 68% - 55% - 2:43
2 - 32% - 45% - 1:15
PP Defense
1 - 55% - 55% - 2:11
2 - 45% - 45% - 1:47
PK Forward
1 - 62% - 60% - 2:28
2 - 38% - 40% - 1:30
PK Defense
1 - 58% - 60% - 2:17
2 - 42% - 40% - 1:41
PK3 Forward
1 - 0% - 60%
2 - 0% - 40%
PK3 Defense
1 - 0% - 60%
2 - 0% - 40%
44 Forward
1 - 0% - 60%
2 - 0% - 40%
44 Defense
1 - 0% - 60%
2 - 0% - 40%
Last Minute Offensive  - 0:00
Last Minute Defensive  - 0:00
Total
Forward - 60:00
Defense - 60:00

% Time on Ice - Senators

Lines # - Real PCT - Wanted PCT - Time Play
Normal Forward
1 - 34% - 40% - 17:40
2 - 30% - 30% - 15:47
3 - 24% - 20% - 12:27
4 - 11% - 10% - 5:57
Normal Defense
1 - 40% - 40% - 20:37
2 - 31% - 30% - 15:50
3 - 20% - 20% - 10:10
4 - 10% - 10% - 5:14
PP Forward
1 - 51% - 60% - 2:01
2 - 49% - 40% - 1:57
PP Defense
1 - 42% - 60% - 1:39
2 - 58% - 40% - 2:19
PK Forward
1 - 76% - 60% - 3:01
2 - 24% - 40% - 0:57
PK Defense
1 - 61% - 60% - 2:25
2 - 39% - 40% - 1:33
PK3 Forward
1 - 0% - 60%
2 - 0% - 40%
PK3 Defense
1 - 0% - 60%
2 - 0% - 40%
44 Forward
1 - 0% - 60%
2 - 0% - 40%
44 Defense
1 - 0% - 60%
2 - 0% - 40%
Last Minute Offensive  - 0:13
Last Minute Defensive  - 0:00
Total
Forward - 60:00
Defense - 60:00

Play-by-Play

1st period


0:01 of 1st period - Eric Staal wins face-off versus Leon Draisaitl in neutral zone.
0:13 of 1st period - Shot by Leon Draisaitl.
0:13 of 1st period - Goal by Leon Draisaitl - Sabres : 1 - Senators : 0.
0:14 of 1st period - Alexander Wennberg wins face-off versus Elias Lindholm in neutral zone.
0:22 of 1st period - Shot by Vladimir Tarasenko.
0:22 of 1st period - Shot Misses the Net.
1:11 of 1st period - Shot by Jonathan Drouin.
1:11 of 1st period - Shot Misses the Net.
1:59 of 1st period - Shot by Mark Stone.
1:59 of 1st period - Shot Misses the Net.
2:33 of 1st period - Shot by Alex Galchenyuk.
2:33 of 1st period - Stopped by Matt Murray with a rebound.
2:36 of 1st period - Icing by Adam Pelech.
2:37 of 1st period - Lars Eller wins face-off versus Valtteri Filppula in Sabres zone.
2:53 of 1st period - Icing by Paul Byron.
2:54 of 1st period - Valtteri Filppula wins face-off versus Leon Draisaitl in Senators zone.
3:06 of 1st period - Shot by Leon Draisaitl.
3:06 of 1st period - Goal by Leon Draisaitl - Sabres : 2 - Senators : 0.
3:07 of 1st period - Tyler Seguin wins face-off versus Chris Wagner in neutral zone.
3:16 of 1st period - Icing by Alex Goligoski.
3:17 of 1st period - Leon Draisaitl wins face-off versus Chris Wagner in Senators zone.
4:00 of 1st period - Vladislav Namestnikov is hit by Kris Letang.
4:29 of 1st period - Nikolaj Ehlers is hit by Mark Stone and loses puck.
4:41 of 1st period - Tyler Seguin is hit by Jani Hakanpaa and loses puck.
5:10 of 1st period - Shot by Michael Grabner.
5:10 of 1st period - Shot Blocked by Mark Stone.
5:12 of 1st period - Shot by Nic Dowd.
5:12 of 1st period - Stopped by Petr Mrazek without a rebound.
5:13 of 1st period - Alexander Wennberg wins face-off versus Nic Dowd in Senators zone.
5:40 of 1st period - Shot by Jimmy Vesey.
5:40 of 1st period - Shot Misses the Net.
5:52 of 1st period - Shot by Mike Green.
5:52 of 1st period - Shot Misses the Net.
6:01 of 1st period - Icing by Dmitry Orlov.
6:02 of 1st period - Valtteri Filppula wins face-off versus Nic Dowd in Sabres zone.
6:19 of 1st period - Shot by Paul Byron.
6:19 of 1st period - Stopped by Matt Murray without a rebound.
6:20 of 1st period - Leon Draisaitl wins face-off versus Eric Staal in Sabres zone.
6:39 of 1st period - James Neal is hit by Erik Gustafsson and loses puck.
6:44 of 1st period - Shot by Eric Staal.
6:44 of 1st period - Shot Misses the Net.
6:46 of 1st period - Shot by Robert Hagg.
6:46 of 1st period - Shot Misses the Net.
6:48 of 1st period - Shot by Mark Stone.
6:48 of 1st period - Shot Misses the Net.
7:34 of 1st period - Minor Penalty to Elias Lindholm for Unsportsmanlike conduct.
7:35 of 1st period - Luke Glendening wins face-off versus Connor Brown in Sabres zone.
8:29 of 1st period - Mark Stone is hit by Erik Gustafsson and loses puck.
9:58 of 1st period - Minor Penalty to Tyler Seguin for Holding.
9:59 of 1st period - Eric Staal wins face-off versus Elias Lindholm in Sabres zone.
10:00 of 1st period - Shot by Mark Stone.
10:00 of 1st period - Shot Blocked by Kris Letang.
10:12 of 1st period - Shot by James Neal.
10:12 of 1st period - Stopped by Matt Murray with a rebound.
10:59 of 1st period - Icing by Mike Green.
11:00 of 1st period - Alexander Wennberg wins face-off versus Nic Dowd in Senators zone.
11:00 of 1st period - Alexander Wennberg is hit by Nic Dowd.
11:35 of 1st period - Shot by Mark Stone.
11:35 of 1st period - Stopped by Matt Murray without a rebound.
11:36 of 1st period - Luke Glendening wins face-off versus Mark Stone in Sabres zone.
12:10 of 1st period - Shot by Elias Lindholm.
12:10 of 1st period - Shot Blocked by Alex Goligoski.
12:12 of 1st period - Shot by Rasmus Ristolainen.
12:12 of 1st period - Deflect By Tyler Seguin.
12:12 of 1st period - Shot Misses the Net.
12:18 of 1st period - Shot by Elias Lindholm.
12:18 of 1st period - Shot Misses the Net.
12:20 of 1st period - Shot by Rasmus Dahlin.
12:20 of 1st period - Stopped by Petr Mrazek without a rebound.
12:21 of 1st period - Leon Draisaitl wins face-off versus Chris Wagner in Senators zone.
12:49 of 1st period - Shot by Adam Pelech.
12:49 of 1st period - Shot Misses the Net.
13:18 of 1st period - Vladimir Tarasenko is hit by Kris Letang and loses puck.
14:00 of 1st period - Icing by Andy Greene.
14:01 of 1st period - Eric Staal wins face-off versus Lars Eller in Senators zone.
14:01 of 1st period - Eric Staal is hit by Luke Glendening.
14:13 of 1st period - Shot by James Neal.
14:13 of 1st period - Shot Blocked by Luke Glendening.
14:18 of 1st period - Mark Stone is hit by Rasmus Ristolainen and loses puck.
14:59 of 1st period - Off-side.
15:00 of 1st period - Valtteri Filppula wins face-off versus Leon Draisaitl in neutral zone.
15:54 of 1st period - Shot by Connor Brown.
15:54 of 1st period - Shot Misses the Net.
15:56 of 1st period - Shot by Connor Brown.
15:56 of 1st period - Shot Misses the Net.
15:58 of 1st period - Shot by Jani Hakanpaa.
15:58 of 1st period - Shot Misses the Net.
16:04 of 1st period - Shot by Connor Brown.
16:04 of 1st period - Shot Misses the Net.
16:06 of 1st period - Shot by Alexander Wennberg.
16:06 of 1st period - Goal by Alexander Wennberg - Sabres : 2 - Senators : 1.
16:07 of 1st period - Tyler Seguin wins face-off versus Eric Staal in neutral zone.
16:31 of 1st period - Minor Penalty to Andy Greene for High sticking.
16:32 of 1st period - Chris Wagner wins face-off versus Nikolaj Ehlers in Senators zone.
16:38 of 1st period - Icing by Rasmus Dahlin.
16:39 of 1st period - Tyler Seguin wins face-off versus Chris Wagner in Sabres zone.
16:44 of 1st period - Shot by Rasmus Dahlin.
16:44 of 1st period - Stopped by Petr Mrazek without a rebound.
16:45 of 1st period - Tyler Seguin wins face-off versus Chris Wagner in Senators zone.
16:46 of 1st period - Shot by Elias Lindholm.
16:46 of 1st period - Stopped by Petr Mrazek without a rebound.
16:47 of 1st period - Chris Wagner wins face-off versus Leon Draisaitl in Senators zone.
16:58 of 1st period - Shot by Rasmus Dahlin.
16:58 of 1st period - Stopped by Petr Mrazek with a rebound.
17:00 of 1st period - Shot by Rasmus Ristolainen.
17:00 of 1st period - Stopped by Petr Mrazek without a rebound.
17:01 of 1st period - Tyler Seguin wins face-off versus Chris Wagner in Senators zone.
17:24 of 1st period - Shot by Elias Lindholm.
17:24 of 1st period - Stopped by Petr Mrazek without a rebound.
17:25 of 1st period - Chris Wagner wins face-off versus Leon Draisaitl in Senators zone.
17:43 of 1st period - Icing by Leon Draisaitl.
17:44 of 1st period - Leon Draisaitl wins face-off versus Chris Wagner in Sabres zone.
18:38 of 1st period - Dmitry Orlov is hit by Jakob Chychrun.
18:46 of 1st period - Shot by Luke Glendening.
18:46 of 1st period - Shot Blocked by Jakob Chychrun.
18:48 of 1st period - Shot by Luke Glendening.
18:48 of 1st period - Goal by Luke Glendening - Sabres : 3 - Senators : 1.
18:49 of 1st period - Connor Brown wins face-off versus Elias Lindholm in neutral zone.
19:15 of 1st period - Off-side.
19:16 of 1st period - Lars Eller wins face-off versus Eric Staal in neutral zone.
19:37 of 1st period - Shot by Mark Stone.
19:37 of 1st period - Shot Misses the Net.
19:39 of 1st period - Shot by Alex Goligoski.
19:39 of 1st period - Shot Misses the Net.
19:41 of 1st period - Shot by Alex Goligoski.
19:41 of 1st period - Shot Misses the Net.
19:47 of 1st period - Shot by Eric Staal.
19:47 of 1st period - Stopped by Matt Murray without a rebound.
19:48 of 1st period - Alexander Wennberg wins face-off versus Leon Draisaitl in Sabres zone.
Goals for this period are 3 for Sabres vs 1 for Senators.
Shots for this period are 10 for Sabres vs 6 for Senators.

2nd period


0:01 of 2nd period - Leon Draisaitl wins face-off versus Eric Staal in neutral zone.
0:07 of 2nd period - Leon Draisaitl is hit by Mike Green and loses puck.
0:14 of 2nd period - Shot by Eric Staal.
0:14 of 2nd period - Shot Misses the Net.
0:53 of 2nd period - Shot by Rasmus Ristolainen.
0:53 of 2nd period - Shot Blocked by Andy Greene.
1:02 of 2nd period - Off-side.
1:03 of 2nd period - Alexander Wennberg wins face-off versus Jonathan Drouin in neutral zone.
1:14 of 2nd period - Shot by Connor Brown.
1:14 of 2nd period - Shot Misses the Net.
1:16 of 2nd period - Shot by Alexander Wennberg.
1:16 of 2nd period - Shot Misses the Net.
1:18 of 2nd period - Shot by Connor Brown.
1:18 of 2nd period - Shot Misses the Net.
1:41 of 2nd period - Shot by Alex Goligoski.
1:41 of 2nd period - Shot Misses the Net.
1:43 of 2nd period - Shot by Alexander Wennberg.
1:43 of 2nd period - Deflect By Vladimir Tarasenko.
1:43 of 2nd period - Shot Hit the Post.
1:45 of 2nd period - Shot by Jakob Chychrun.
1:45 of 2nd period - Shot Blocked by Dmitry Orlov.
1:57 of 2nd period - Robert Hagg is hit by Luke Glendening and loses puck.
3:07 of 2nd period - Shot by Ryan Nugent-Hopkins.
3:07 of 2nd period - Stopped by Petr Mrazek with a rebound.
3:16 of 2nd period - Icing by Robert Hagg.
3:17 of 2nd period - Chris Wagner wins face-off versus Nic Dowd in Senators zone.
3:17 of 2nd period - Chris Wagner is hit by Jimmy Vesey.
4:38 of 2nd period - Shot by Connor Brown.
4:38 of 2nd period - Stopped by Matt Murray with a rebound.
5:35 of 2nd period - Icing by Kris Letang.
5:36 of 2nd period - Eric Staal wins face-off versus Michael Grabner in Sabres zone.
5:37 of 2nd period - Shot by Mark Stone.
5:37 of 2nd period - Shot Blocked by Kris Letang.
6:03 of 2nd period - Shot by Eric Staal.
6:03 of 2nd period - Shot Blocked by Kris Letang.
6:17 of 2nd period - Icing by Alexander Wennberg.
6:18 of 2nd period - Leon Draisaitl wins face-off versus Alexander Wennberg in Senators zone.
6:37 of 2nd period - Shot by Alexander Wennberg.
6:37 of 2nd period - Shot Misses the Net.
6:39 of 2nd period - Shot by Jani Hakanpaa.
6:39 of 2nd period - Stopped by Matt Murray without a rebound.
6:40 of 2nd period - Chris Wagner wins face-off versus Tyler Seguin in Sabres zone.
7:01 of 2nd period - Off-side.
7:02 of 2nd period - Leon Draisaitl wins face-off versus Eric Staal in neutral zone.
7:04 of 2nd period - Rasmus Dahlin is hit by Andy Greene.
7:26 of 2nd period - Shot by Eric Staal.
7:26 of 2nd period - Shot Misses the Net.
7:28 of 2nd period - Shot by Eric Staal.
7:28 of 2nd period - Stopped by Matt Murray with a rebound.
7:47 of 2nd period - Off-side.
7:48 of 2nd period - Tyler Seguin wins face-off versus Alexander Wennberg in neutral zone.
8:22 of 2nd period - Connor Brown is hit by Elias Lindholm and loses puck.
8:43 of 2nd period - Shot by Lars Eller.
8:43 of 2nd period - Shot Misses the Net.
8:45 of 2nd period - Shot by Lars Eller.
8:45 of 2nd period - Stopped by Petr Mrazek with a rebound.
8:53 of 2nd period - Shot by Luke Glendening.
8:53 of 2nd period - Goal by Luke Glendening - Sabres : 4 - Senators : 1.
8:53 of 2nd period - Marcus Hogberg enters game.
8:54 of 2nd period - James Neal wins face-off versus Leon Draisaitl in neutral zone.
10:05 of 2nd period - Shot by Vladislav Namestnikov.
10:05 of 2nd period - Stopped by Matt Murray without a rebound.
10:06 of 2nd period - Tyler Seguin wins face-off versus Valtteri Filppula in Sabres zone.
10:49 of 2nd period - Icing by Kris Letang.
10:50 of 2nd period - Alexander Wennberg wins face-off versus Tyler Seguin in Sabres zone.
11:16 of 2nd period - Alexander Wennberg is hit by Kevin Fiala and loses puck.
11:30 of 2nd period - Mike Green is hit by Adam Pelech and loses puck.
11:43 of 2nd period - Shot by Eric Staal.
11:43 of 2nd period - Shot Misses the Net.
11:45 of 2nd period - Shot by Jani Hakanpaa.
11:45 of 2nd period - Stopped by Matt Murray with a rebound.
11:47 of 2nd period - Shot by Robert Hagg.
11:47 of 2nd period - Stopped by Matt Murray without a rebound.
11:48 of 2nd period - Chris Wagner wins face-off versus Jonathan Drouin in Sabres zone.
11:55 of 2nd period - Vladislav Namestnikov is hit by Lars Eller and loses puck.
12:34 of 2nd period - Icing by Robert Hagg.
12:35 of 2nd period - Leon Draisaitl wins face-off versus Chris Wagner in Senators zone.
12:42 of 2nd period - Shot by Leon Draisaitl.
12:42 of 2nd period - Stopped by Marcus Hogberg without a rebound.
12:43 of 2nd period - Eric Staal wins face-off versus Tyler Seguin in Senators zone.
13:02 of 2nd period - Shot by Tyler Seguin.
13:02 of 2nd period - Shot Misses the Net.
13:04 of 2nd period - Shot by Dmitry Orlov.
13:04 of 2nd period - Stopped by Marcus Hogberg without a rebound.
13:05 of 2nd period - Alexander Wennberg wins face-off versus Leon Draisaitl in Senators zone.
13:21 of 2nd period - Shot by Leon Draisaitl.
13:21 of 2nd period - Stopped by Marcus Hogberg without a rebound.
13:22 of 2nd period - Eric Staal wins face-off versus Tyler Seguin in Senators zone.
13:22 of 2nd period - Eric Staal is hit by Elias Lindholm.
13:32 of 2nd period - Shot by James Neal.
13:32 of 2nd period - Stopped by Matt Murray without a rebound.
13:33 of 2nd period - Alexander Wennberg wins face-off versus Leon Draisaitl in Sabres zone.
14:58 of 2nd period - Shot by Mark Stone.
14:58 of 2nd period - Shot Misses the Net.
15:16 of 2nd period - Off-side.
15:17 of 2nd period - Lars Eller wins face-off versus Chris Wagner in neutral zone.
15:17 of 2nd period - Lars Eller is hit by Vladislav Namestnikov.
15:21 of 2nd period - Chris Wagner is hit by Luke Glendening and loses puck.
15:56 of 2nd period - Luke Glendening is hit by Robert Hagg and loses puck.
16:16 of 2nd period - Icing by Kris Letang.
16:17 of 2nd period - Leon Draisaitl wins face-off versus Alexander Wennberg in Sabres zone.
16:31 of 2nd period - Shot by Connor Brown.
16:31 of 2nd period - Shot Misses the Net.
16:37 of 2nd period - Shot by Vladimir Tarasenko.
16:37 of 2nd period - Deflect By Alexander Wennberg.
16:37 of 2nd period - Stopped by Matt Murray without a rebound.
16:38 of 2nd period - Eric Staal wins face-off versus Tyler Seguin in Sabres zone.
17:47 of 2nd period - Shot by Kevin Fiala.
17:47 of 2nd period - Shot Misses the Net.
18:28 of 2nd period - Shot by Alex Galchenyuk.
18:28 of 2nd period - Shot Misses the Net.
18:30 of 2nd period - Shot by Vladislav Namestnikov.
18:30 of 2nd period - Shot Misses the Net.
18:41 of 2nd period - Chris Wagner is hit by Adam Pelech and loses puck.
18:56 of 2nd period - Shot by Vladislav Namestnikov.
18:56 of 2nd period - Shot Misses the Net.
18:58 of 2nd period - Shot by Vladislav Namestnikov.
18:58 of 2nd period - Stopped by Matt Murray without a rebound.
18:59 of 2nd period - Tyler Seguin wins face-off versus Valtteri Filppula in Sabres zone.
19:10 of 2nd period - Valtteri Filppula is hit by Tyler Seguin and loses puck.
19:21 of 2nd period - Shot by Nikolaj Ehlers.
19:21 of 2nd period - Stopped by Marcus Hogberg without a rebound.
19:22 of 2nd period - Nic Dowd wins face-off versus Eric Staal in Senators zone.
19:37 of 2nd period - Shot by Michael Grabner.
19:37 of 2nd period - Shot Misses the Net.
Goals for this period are 1 for Sabres vs 0 for Senators.
Shots for this period are 7 for Sabres vs 9 for Senators.

3rd period


0:01 of 3rd period - Eric Staal wins face-off versus Leon Draisaitl in neutral zone.
0:01 of 3rd period - Eric Staal is hit by Kevin Fiala.
0:11 of 3rd period - Mark Stone beats up Ryan Nugent-Hopkins.
0:11 of 3rd period - Penalty to Mark Stone for Fighting.
0:11 of 3rd period - Penalty to Ryan Nugent-Hopkins for Fighting.
0:12 of 3rd period - Alexander Wennberg wins face-off versus Tyler Seguin in Senators zone.
0:12 of 3rd period - Alexander Wennberg is hit by Elias Lindholm.
0:17 of 3rd period - Minor Penalty to Robert Hagg for Hooking.
0:18 of 3rd period - Chris Wagner wins face-off versus Leon Draisaitl in Senators zone.
0:38 of 3rd period - Shot by Derek Ryan.
0:38 of 3rd period - Deflect By Chris Wagner.
0:38 of 3rd period - Shot Misses the Net.
0:40 of 3rd period - Shot by Mike Green.
0:40 of 3rd period - Stopped by Matt Murray without a rebound.
0:41 of 3rd period - Chris Wagner wins face-off versus Tyler Seguin in Sabres zone.
0:46 of 3rd period - Shot by Jakob Chychrun.
0:46 of 3rd period - Stopped by Matt Murray without a rebound.
0:47 of 3rd period - Chris Wagner wins face-off versus Leon Draisaitl in Sabres zone.
0:57 of 3rd period - Icing by Erik Gustafsson.
0:58 of 3rd period - Leon Draisaitl wins face-off versus Chris Wagner in Sabres zone.
1:13 of 3rd period - Shot by Erik Gustafsson.
1:13 of 3rd period - Shot Blocked by Jakob Chychrun.
1:27 of 3rd period - Shot by Leon Draisaitl.
1:27 of 3rd period - Shot Blocked by Alex Goligoski.
1:31 of 3rd period - Shot by Kris Letang.
1:31 of 3rd period - Stopped by Marcus Hogberg without a rebound.
1:32 of 3rd period - Tyler Seguin wins face-off versus Valtteri Filppula in Senators zone.
1:32 of 3rd period - Tyler Seguin is hit by Andy Greene.
1:50 of 3rd period - Shot by Rasmus Ristolainen.
1:50 of 3rd period - Deflect By Tyler Seguin.
1:50 of 3rd period - Stopped by Marcus Hogberg without a rebound.
1:51 of 3rd period - Leon Draisaitl wins face-off versus Chris Wagner in Senators zone.
2:24 of 3rd period - Icing by Robert Hagg.
2:25 of 3rd period - Nic Dowd wins face-off versus Eric Staal in Senators zone.
2:43 of 3rd period - Michael Grabner is hit by Jani Hakanpaa and loses puck.
4:04 of 3rd period - Alexander Wennberg is hit by Lars Eller and loses puck.
4:35 of 3rd period - Icing by Dmitry Orlov.
4:36 of 3rd period - Lars Eller wins face-off versus Alex Galchenyuk in Sabres zone.
5:35 of 3rd period - Icing by Erik Gustafsson.
5:36 of 3rd period - Eric Staal wins face-off versus Leon Draisaitl in Sabres zone.
5:52 of 3rd period - Icing by Leon Draisaitl.
5:53 of 3rd period - Alexander Wennberg wins face-off versus Leon Draisaitl in Sabres zone.
5:54 of 3rd period - Shot by Connor Brown.
5:54 of 3rd period - Deflect By Vladimir Tarasenko.
5:54 of 3rd period - Shot Misses the Net.
6:10 of 3rd period - Shot by Rasmus Ristolainen.
6:10 of 3rd period - Stopped by Marcus Hogberg without a rebound.
6:11 of 3rd period - Eric Staal wins face-off versus Nic Dowd in Senators zone.
6:28 of 3rd period - Shot by James Neal.
6:28 of 3rd period - Shot Blocked by Rasmus Dahlin.
6:30 of 3rd period - Shot by Mark Stone.
6:30 of 3rd period - Shot Blocked by Rasmus Ristolainen.
7:36 of 3rd period - Shot by Connor Brown.
7:36 of 3rd period - Goal by Connor Brown - Sabres : 4 - Senators : 2.
7:37 of 3rd period - Alex Galchenyuk wins face-off versus Tyler Seguin in neutral zone.
7:40 of 3rd period - Elias Lindholm is hit by Vladislav Namestnikov and loses puck.
7:46 of 3rd period - Off-side.
7:47 of 3rd period - Valtteri Filppula wins face-off versus Kevin Fiala in neutral zone.
8:23 of 3rd period - Paul Byron is hit by Erik Gustafsson and loses puck.
8:42 of 3rd period - James Neal is hit by Kris Letang and loses puck.
9:35 of 3rd period - Shot by Vladimir Tarasenko.
9:35 of 3rd period - Stopped by Matt Murray without a rebound.
9:36 of 3rd period - Lars Eller wins face-off versus Chris Wagner in Sabres zone.
9:40 of 3rd period - Off-side.
9:41 of 3rd period - Tyler Seguin wins face-off versus Chris Wagner in neutral zone.
10:06 of 3rd period - Shot by Elias Lindholm.
10:06 of 3rd period - Stopped by Marcus Hogberg without a rebound.
10:07 of 3rd period - Eric Staal wins face-off versus Lars Eller in Senators zone.
10:07 of 3rd period - Eric Staal is hit by Luke Glendening.
10:19 of 3rd period - Icing by Lars Eller.
10:20 of 3rd period - Lars Eller wins face-off versus Alexander Wennberg in Sabres zone.
10:22 of 3rd period - Icing by Dmitry Orlov.
10:23 of 3rd period - Lars Eller wins face-off versus Eric Staal in Sabres zone.
10:33 of 3rd period - Eric Staal is hit by Dmitry Orlov and loses puck.
10:36 of 3rd period - Shot by Eric Staal.
10:36 of 3rd period - Shot Blocked by Dmitry Orlov.
10:38 of 3rd period - Shot by Eric Staal.
10:38 of 3rd period - Shot Blocked by Dmitry Orlov.
10:38 of 3rd period - Dmitry Orlov from Sabres is injured at 10:38 of 3rd period (Left Hip).
10:39 of 3rd period - Alexander Wennberg wins face-off versus Tyler Seguin in Sabres zone.
10:40 of 3rd period - Shot by Connor Brown.
10:40 of 3rd period - Shot Blocked by Rasmus Dahlin.
10:58 of 3rd period - Shot by Elias Lindholm.
10:58 of 3rd period - Shot Blocked by Andy Greene.
11:06 of 3rd period - Shot by Nikolaj Ehlers.
11:06 of 3rd period - Stopped by Marcus Hogberg without a rebound.
11:07 of 3rd period - Eric Staal wins face-off versus Leon Draisaitl in Senators zone.
11:24 of 3rd period - Shot by Eric Staal.
11:24 of 3rd period - Stopped by Matt Murray without a rebound.
11:25 of 3rd period - Lars Eller wins face-off versus Chris Wagner in Sabres zone.
12:39 of 3rd period - Shot by Eric Staal.
12:39 of 3rd period - Shot Misses the Net.
12:41 of 3rd period - Shot by Mark Stone.
12:41 of 3rd period - Goal by Mark Stone - Sabres : 4 - Senators : 3.
12:42 of 3rd period - Leon Draisaitl wins face-off versus Alexander Wennberg in neutral zone.
12:45 of 3rd period - Shot by Leon Draisaitl.
12:45 of 3rd period - Stopped by Marcus Hogberg without a rebound.
12:46 of 3rd period - Leon Draisaitl wins face-off versus Alexander Wennberg in Senators zone.
13:19 of 3rd period - Shot by Kevin Fiala.
13:19 of 3rd period - Stopped by Marcus Hogberg with a rebound.
13:21 of 3rd period - Shot by Erik Gustafsson.
13:21 of 3rd period - Stopped by Marcus Hogberg with a rebound.
13:23 of 3rd period - Shot by Erik Gustafsson.
13:23 of 3rd period - Stopped by Marcus Hogberg with a rebound.
13:43 of 3rd period - Shot by Nikolaj Ehlers.
13:43 of 3rd period - Stopped by Marcus Hogberg without a rebound.
13:44 of 3rd period - Lars Eller wins face-off versus Eric Staal in Senators zone.
14:17 of 3rd period - Shot by Lars Eller.
14:17 of 3rd period - Shot Blocked by Alex Goligoski.
14:36 of 3rd period - Shot by Tyler Seguin.
14:36 of 3rd period - Deflect By Elias Lindholm.
14:36 of 3rd period - Stopped by Marcus Hogberg without a rebound.
14:37 of 3rd period - Chris Wagner wins face-off versus Leon Draisaitl in Senators zone.
14:37 of 3rd period - Chris Wagner is hit by Ryan Nugent-Hopkins.
14:43 of 3rd period - Chris Wagner is hit by Kevin Fiala.
15:53 of 3rd period - Shot by Alexander Wennberg.
15:53 of 3rd period - Stopped by Matt Murray without a rebound.
15:54 of 3rd period - Lars Eller wins face-off versus Valtteri Filppula in Sabres zone.
15:54 of 3rd period - Lars Eller is hit by Paul Byron.
16:17 of 3rd period - Derek Ryan is hit by Jonathan Drouin.
17:34 of 3rd period - Shot by Elias Lindholm.
17:34 of 3rd period - Stopped by Marcus Hogberg without a rebound.
17:35 of 3rd period - Chris Wagner wins face-off versus Leon Draisaitl in Senators zone.
17:47 of 3rd period - Shot by Leon Draisaitl.
17:47 of 3rd period - Shot Misses the Net.
17:49 of 3rd period - Shot by Leon Draisaitl.
17:49 of 3rd period - Shot Blocked by Robert Hagg.
17:51 of 3rd period - Shot by Ryan Nugent-Hopkins.
17:51 of 3rd period - Shot Misses the Net.
18:03 of 3rd period - Shot by Ryan Nugent-Hopkins.
18:03 of 3rd period - Shot Blocked by Jani Hakanpaa.
19:01 of 3rd period - Senators, Marcus Hogberg is pulled from the net.
19:02 of 3rd period - Alexander Wennberg is hit by Kris Letang and loses puck.
19:56 of 3rd period - Shot by Mike Green.
19:56 of 3rd period - Shot Misses the Net.
Goals for this period are 0 for Sabres vs 2 for Senators.
Shots for this period are 12 for Sabres vs 7 for Senators.